 Dungeon Crawl Stone Soup version 0.26.1-11-gd32895ea62 (webtiles) character file.

Game seed: 15390128772183971624

17 nothank2 the Skirmisher (level 2, -4/24 HPs)
             Began as a Demonspawn Abyssal Knight on July 11, 2021.
             Was a Follower of Lugonu.
             Slain by Sigmund
             ... wielding a +1 vorpal scythe
              (8 damage)
             ... on level 2 of the Dungeon.
             The game lasted 00:03:08 (753 turns).

nothank2 the Skirmisher (Demonspawn Abyssal Knight)  Turns: 753, Time: 00:03:08

Health: -4/24      AC:  8    Str: 12    XL:     2   Next: 44%
Magic:  4/4        EV:  9    Int: 13    God:    Lugonu [*.....]
Gold:   75         SH:  0    Dex: 12    Spells: 1/1 levels left

rFire    + . .     SeeInvis .   a - +1 falchion
rCold    . . .     Faith    .   (no shield)
rNeg     . . .     Spirit   .   e - +0 scale mail
rPois    .         Reflect  .   (no helmet)
rElec    .         Harm     .   (no cloak)
rCorr    .         Rampage  .   (no gloves)
Will     .....                  (no boots)
Stlth    ..........             (no amulet)
HPRegen  0.08/turn              f - ring of protection from fire
MPRegen  0.09/turn              (no ring)

@: no status effects
A: molten scales 1
a: Renounce Religion, Depart the Abyss


You were on level 2 of the Dungeon.
You worshipped Lugonu.
Lugonu was aware of your devotion.
You visited 1 branch of the dungeon, and saw 2 of its levels.
You visited the Abyss 1 time.

You collected 75 gold pieces.

Inventory:

Hand Weapons
 a - a +1 falchion (weapon)
Armour
 b - a +0 leather armour
 e - a +0 scale mail (worn)
Jewellery
 f - a ring of protection from fire (left hand)
Scrolls
 c - a scroll of noise {unknown}
 d - 2 scrolls of remove curse {unknown}
 i - a scroll of blinking {unknown}
 j - a scroll of immolation {unknown}
 k - a scroll of magic mapping {unknown}
 n - 2 scrolls of identify {unknown}
 q - a scroll of teleportation {unknown}
Potions
 g - 2 potions of lignification {unknown}
 h - 2 potions of heal wounds {unknown}
 l - a potion of degeneration {unknown}
 m - a potion of attraction {unknown}
 o - a potion of flight {unknown}
 p - a potion of mutation {unknown}


   Skills:
 + Level 3.2 Fighting
 * Level 2.3 Long Blades
 - Level 1.7 Armour
 - Level 0.8 Dodging
 + Level 2.9 Invocations


You had one spell level left.
You didn't know any spells.
Your spell library contained the following spells:

 Spells                   Type           Power        Failure   Level
 Corona                   Hex            0%           85%         1
 Ensorcelled Hibernation  Hex/Ice        0%           94%         2
 Confusing Touch          Hex            0%           99%         3
 Dazzling Flash           Conj/Hex       0%           99%         3
 Tukima's Dance           Hex            0%           99%         3


Dungeon Overview and Level Annotations

Branches:
Dungeon (2/15)

Altars:

Annotations:
D:2 Sigmund


Innate Abilities, Weirdness & Mutations

You are partially covered in molten scales. (AC +2)


Message History

Sigmund barely misses you.
You hit Sigmund but do no damage.
Sigmund is heavily wounded.
You hit Sigmund.
Sigmund is severely wounded.
Sigmund says, "Now you see me, now you don't..."
Sigmund casts a spell at himself.
Sigmund flickers and vanishes!
Deactivating autopickup; reactivate with Ctrl-A.
You hear some strange, mumbled words.
A magic dart appears from out of thin air!
The magic dart hits you.
You hit something but do no damage. Something hits you.
* * * LOW HITPOINT WARNING * * *
You miss something. Something hits you.
* * * LOW HITPOINT WARNING * * *
x2 You miss something.
You closely miss something. Something hits you but does no damage.
You miss something. Something hits you!
You die...

....... ......
.(!.. #...# #...#
#...# ## .
#####..{####.##..
........@........
.................
.................
###.#...#.#####.
##.......#
#......#.#
#.......#.#
#.......#.#
#.........#


There were no monsters in sight!

Vanquished Creatures
  5 bats
  A giant cockroach (D:2)
  A goblin (D:1)
  5 hobgoblins (D:1)
  A frilled lizard (D:2)
  2 kobolds
  A rat (D:1)
16 creatures vanquished.

Notes
Turn   | Place    | Note
-------+----------+-------------------------------------------
     0 | Abyss:1  | nothank2 the Demonspawn Abyssal Knight began the quest for
                  | the Orb.
     0 | Abyss:1  | Reached XP level 1. HP: 18/18 MP: 2/2
   114 | Abyss:1  | Noticed a hellephant
   115 | D:1      | Escaped the Abyss
   314 | D:1      | You fall into a shaft and drop 1 floor!
   433 | D:1      | Gained mutation: You are partially covered in molten
                  | scales. (AC +2) [demonic ancestry]
   433 | D:1      | Reached XP level 2. HP: 21/24 MP: 4/4
   728 | D:2      | Noticed Sigmund
   731 | D:2      | Reached * piety under Lugonu
   753 | D:2      | Slain by Sigmund

Illustrated notes

Levels and vault maps discovered:
D:1:      lemuel_arrival_muddy, layout_rooms, serial_glass, glass_columns_a,
          glass_columns_b, glass_columns_a, glass_columns_c, glass_columns_c,
          glass_columns_a, minmay_strange_pillars, due_unseen_surprise,
          feat_on_display, feat_on_display, minmay_misc_feat_four_crosses
D:2:      layout_loops_cross, lemuel_old_faithful, uniq_sigmund

Skill      XL: |  1 |
---------------+----+-----
Long Blades    | 2 |  2.3
Fighting       | |  3.2
Armour         | |  1.7
Dodging        | |  0.8
Invocations    | |  2.9

Action                   || total
-------------------------++-------
Melee: Falchion          ||    65
Invok: Depart the Abyss  ||     1
Armor: Scale mail        ||    40
Dodge: Dodged            ||    37
       Rpst.: Falchion   ||     9
